cohdb
Replays
Latest Replays
All Replays
Popular Replays
Top Player Replays
Match Explorer
How It Works
Community
CoH3 Stats
Reddit
Sign in to upload your games and track your stats! →
Sign in with Steam
Match 41149372
Unlisted
Match 41149372
Overview
Messages
Build Orders
End
Kradschützen Motorcycle Team
Selects Italian Combined Arms Battlegroup
Selects Bersaglieri Squad
Bersaglieri Squad
Bersaglieri Squad
Construct Light Support Kompanie
Assault Grenadier Squad
Selects Bersaglieri Bolster
Fire Support Elements
Assault Grenadier Squad
Selects Breda Model 30 Light Machine Guns
2.5-tonne Medical Truck
Panzerjäger Mechanized Group
Selects Semovente da 75/18 Assault Gun
Selects Carro Armato M13/40 Light Tank
Construct Panzerarmee Kommand
JohnThicc
Bootyquake
0
0
Comments
sign in to comment!
No comments posted yet!